 Dungeon Crawl Stone Soup version 0.21-a0-591-g2314aa1 (webtiles) character file.

4554 Lanoc the Martial Artist (level 10, -3/76 HPs)
             Began as a Gnoll Transmuter on Dec 22, 2017.
             Was a Follower of Sif Muna.
             Slain by an orc knight
             ... wielding a +0 glaive
              (37 damage)
             ... in a bailey on Dec 23, 2017.
             The game lasted 00:27:05 (8487 turns).

Lanoc the Martial Artist (Gnoll Transmuter)         Turns: 8487, Time: 00:27:06

Health: -3/76      AC:  2    Str: 12    XL:     10   Next: 40%
Magic:  17/20      EV: 27    Int: 19    God:    Sif Muna [*.....]
Gold:   447        SH:  0    Dex: 21    Spells: 3/23 levels left

rFire    . . .     SeeInvis +     - Unarmed
rCold    . . .     Gourm    .   (shield currently unavailable)
rNeg     . . .     Faith    .   (armour currently unavailable)
rPois    x         Spirit   .   (helmet currently unavailable)
rElec    .         Reflect  .   (cloak currently unavailable)
rCorr    .         Harm     .   (gloves currently unavailable)
MR       .....                  (boots currently unavailable)
Stlth    +++.......             C - amulet of magic regeneration
HPRegen  0.22/turn              h - ring of see invisible
MPRegen  0.42/turn              I - +1 ring of slaying

@: spider-form
A: tiny, distributed training, strong nose
a: End Transformation, Divine Energy, Renounce Religion


You were in a bailey.
You worshipped Sif Muna.
Sif Muna was aware of your devotion.
You were hungry.
You were a venomous arachnid creature.
You visited 2 branches of the dungeon, and saw 9 of its levels.
You also visited: Sewer and Bailey.

You collected 447 gold pieces.

Inventory:

Hand Weapons
 x - a +4 quarterstaff of chaos
 K - a +0 war axe of venom
Missiles
 a - 69 arrows
 m - 8 tomahawks (quivered)
 t - 18 bolts
 M - 31 sling bullets
Armour
 b - a +0 robe (melded)
 l - a +0 hat (melded)
 y - a +1 cloak (melded)
Jewellery
 h - a ring of see invisible (left front leg)
 C - an amulet of magic regeneration (around neck)
 I - a +1 ring of slaying (right front leg)
Wands
 E - a wand of paralysis (11)
 J - a wand of iceblast (9)
Scrolls
 g - 3 scrolls of amnesia
 i - 2 scrolls of enchant weapon {unknown}
 j - 5 scrolls of teleportation
 v - 3 scrolls of fog
 w - a scroll of blinking
 B - a scroll of enchant armour
 F - 4 scrolls of remove curse {unknown}
 H - a scroll of magic mapping {unknown}
 L - 2 scrolls of identify
Potions
 e - a potion of invisibility
 f - 2 potions of flight
 k - 2 potions of mutation
 n - 4 potions of haste
 o - 3 potions of might
 p - a potion of cancellation
 q - 4 potions of brilliance
 r - a potion of lignification
 s - 7 potions of curing
 u - a potion of ambrosia
 A - a potion of resistance {unknown}
Books
 c - a book of Changes

   Spells                             Type                      Level
   a - Beastly Appendage              Transmutation                1
   b - Sticks to Snakes               Transmutation                2
   c - Spider Form                    Transmutation/Poison         3
   d - Ice Form                       Ice/Transmutation            4
   e - Blade Hands                    Transmutation                5
 z - a book of Air

   Spells                             Type                      Level
   a - Shock                          Conjuration/Air              1
   b - Swiftness                      Charms/Air                   2
   c - Static Discharge               Conjuration/Air              3
   d - Airstrike                      Air                          4
   e - Lightning Bolt                 Conjuration/Air              5
 D - a book of Misfortune

   Spells                             Type                      Level
   a - Confusing Touch                Hexes                        1
   b - Confuse                        Hexes                        3
   c - Gell's Gravitas                Translocation                3
   d - Petrify                        Transmutation/Earth          4
   e - Metabolic Englaciation         Hexes/Ice                    5
   f - Yara's Violent Unravelling     Hexes/Transmutation          5
Comestibles
 d - 15 rations
 G - 7 chunks of flesh


   Skills:
 + Level 5.8 Fighting
 + Level 5.1 Short Blades
 + Level 5.1 Long Blades
 + Level 5.1 Axes
 + Level 5.1 Maces & Flails
 + Level 5.1 Polearms
 + Level 5.1 Staves
 + Level 5.1 Slings
 + Level 5.1 Bows
 + Level 5.1 Crossbows
 + Level 5.1 Throwing
 + Level 5.1 Armour
 + Level 7.0 Dodging
 + Level 5.1 Stealth
 + Level 5.1 Shields
 + Level 8.4 Unarmed Combat
 + Level 7.2 Spellcasting
 + Level 4.2 Conjurations
 + Level 4.2 Hexes
 + Level 4.2 Charms
 + Level 4.2 Summonings
 + Level 4.2 Necromancy
 + Level 4.2 Translocations
 + Level 5.8 Transmutations
 + Level 4.2 Fire Magic
 + Level 4.2 Ice Magic
 + Level 4.2 Air Magic
 + Level 4.2 Earth Magic
 + Level 4.2 Poison Magic
 + Level 5.6 Invocations
 + Level 5.1 Evocations


You had 3 spell levels left.
You knew the following spells:

 Your Spells              Type           Power        Failure   Level  Hunger
a - Beastly Appendage     Tmut           ####..       4%          1    None
b - Sticks to Snakes      Tmut           ####....     6%          2    None
c - Spider Form           Tmut/Pois      ####......   12%         3    #......
d - Ice Form              Ice/Tmut       ####....     28%         4    ###....
e - Blade Hands           Tmut           ####......   47%         5    #####..
f - Yara's Violent Unrav  Hex/Tmut       ####......   56%         5    #####..


Dungeon Overview and Level Annotations

Branches:
Dungeon (8/15)             Temple (1/1) D:5
   Lair: D:8-11

Altars:
Ashenzari
Cheibriados
Dithmenos
Elyvilon
Fedhas
Gozag
Hepliaklqana
Kikubaaqudgha
Makhleb
Nemelex Xobeh
Okawaru
Qazlal
Ru
Sif Muna
Trog
Uskayaw
Vehumet
Wu Jian
Xom
Yredelemnul
Zin
The Shining One

Shops:
D:5 ?


Innate Abilities, Weirdness & Mutations

Your experience applies equally to all skills.
((You have very sharp teeth.))
Your uncanny sense of smell can sniff out nearby items.


Message History

Things that are here:
a spear; a ring mail; an orc skeleton The orc knight grunts loudly.
The orc knight misses you.
Things that are here:
a spear; a ring mail; an orc skeleton You hit the orc knight but do no damage.
The orc knight is poisoned.
You hit the orc knight but do no damage.
The orc knight looks even sicker.
The orc knight is lightly wounded.
The orc knight completely misses you.
You closely miss the orc knight.
The orc knight is lightly wounded.
The orc knight hits you with a glaive!!!
You hit the orc knight.
The orc knight looks as sick as possible!
The orc knight is lightly wounded.
The orc knight hits you from afar with a glaive!!!
You die...

########### ##.........##
##..≈≈≈≈≈≈≈..##
##..≈≈.....≈≈..##
##..≈≈..###..≈≈..##########
...≈≈..## ##..≈≈..........#
≈≈≈≈..##.∩.##..≈≈≈≈≈≈≈≈≈≈.#
...).##.....##o)s)....).≈.#
#########+###'#########.≈.#
.........## ∆∆∆ ##.≈.#
.≈≈≈§≈≈≈..# ∆ ##..≈.#
≈≈...oo≈≈..## ##..≈≈.#
≈§§⌠∩⌠.o≈≈..#'#..≈≈.∩#
≈§§.⌠...≈≈..#'#..≈≈.##
§§§o...≈≈..##.##..≈≈.# ∆
§§§§≈≈≈≈..'#...##..≈.#


You could see an orc knight.

Vanquished Creatures
  A two-headed ogre (D:8)
  Joseph (D:7)
  The ghost of M4edhros the Sneak, a novice OpAr (Sewer)
  Prince Ribbit (D:7)
  A spriggan (D:7)
  A wraith (D:7)
  A water moccasin (D:6)
  An orc warrior (D:7)
  2 ice beasts
  A phantom (D:5)
  2 sky beasts
  4 ogres
  A centaur (D:6)
  Blork the orc (D:4)
  2 bullfrogs
  A wyvern zombie (D:7)
  2 scorpions
  5 killer bees (D:8)
  4 wights (D:6)
  A howler monkey (D:6)
  4 crimson imps
  5 orc priests
  A bullfrog zombie (D:5)
  2 hounds
  Crazy Yiuf (D:3)
  2 iguanas (D:7)
  3 worker ants
  9 orc wizards
  3 adders
  7 oozes
  10 worms
  2 dart slugs (D:1)
  10 leopard geckos
  26 orcs
  5 ball pythons
  18 bats
  7 giant cockroaches
  8 goblins
  12 hobgoblins
  13 jackals
  3 quokkas
  8 frilled lizards
  8 kobolds
  A quokka zombie (D:2)
  12 rats
214 creatures vanquished.

Notes
Turn   | Place    | Note
-------+----------+-------------------------------------------
     0 | D:1      | Lanoc the Gnoll Transmuter began the quest for the Orb.
     0 | D:1      | Reached XP level 1. HP: 17/17 MP: 6/6
    88 | D:1      | Reached XP level 2. HP: 23/23 MP: 5/7
   344 | D:1      | Reached XP level 3. HP: 22/28 MP: 9/9
   347 | D:1      | Reached skill level 5 in Spellcasting
   666 | D:1      | Reached skill level 1 in Invocations
  1009 | D:2      | Reached skill level 1 in Short Blades
  1009 | D:2      | Reached skill level 1 in Long Blades
  1009 | D:2      | Reached skill level 1 in Axes
  1009 | D:2      | Reached skill level 1 in Maces & Flails
  1009 | D:2      | Reached skill level 1 in Polearms
  1009 | D:2      | Reached skill level 1 in Staves
  1009 | D:2      | Reached skill level 1 in Slings
  1009 | D:2      | Reached skill level 1 in Bows
  1009 | D:2      | Reached skill level 1 in Crossbows
  1009 | D:2      | Reached skill level 1 in Throwing
  1009 | D:2      | Reached skill level 1 in Armour
  1009 | D:2      | Reached skill level 1 in Stealth
  1009 | D:2      | Reached skill level 1 in Shields
  1009 | D:2      | Reached skill level 1 in Evocations
  1009 | D:2      | Reached XP level 4. HP: 28/34 MP: 9/11
  1294 | D:2      | Learned a level 2 spell: Sticks to Snakes
  1298 | D:2      | Learned a level 3 spell: Spider Form
  1303 | D:2      | Learned a level 4 spell: Ice Form
  1765 | D:3      | Reached skill level 1 in Conjurations
  1765 | D:3      | Reached skill level 1 in Hexes
  1765 | D:3      | Reached skill level 1 in Charms
  1765 | D:3      | Reached skill level 1 in Summonings
  1765 | D:3      | Reached skill level 1 in Necromancy
  1765 | D:3      | Reached skill level 1 in Translocations
  1765 | D:3      | Reached skill level 1 in Fire Magic
  1765 | D:3      | Reached skill level 1 in Ice Magic
  1765 | D:3      | Reached skill level 1 in Air Magic
  1765 | D:3      | Reached skill level 1 in Earth Magic
  1765 | D:3      | Reached skill level 1 in Poison Magic
  2071 | D:3      | Reached XP level 5. HP: 40/40 MP: 10/12
  2478 | D:3      | Found a runed door.
  2667 | D:3      | Noticed Crazy Yiuf
  2675 | D:3      | Killed Crazy Yiuf
  2846 | D:4      | Found a glowing drain.
  2850 | Sewer    | Entered a sewer
  3191 | Sewer    | Noticed M4edhros's ghost (novice OpAr)
  3213 | Sewer    | Killed M4edhros's ghost
  3213 | Sewer    | Reached skill level 5 in Dodging
  3213 | Sewer    | Reached XP level 6. HP: 11/47 MP: 11/14
  3213 | Sewer    | Reached XP level 7. HP: 12/52 MP: 11/15
  4000 | D:4      | Learned a level 5 spell: Blade Hands
  4220 | D:4      | Noticed Blork the orc
  4233 | D:4      | Killed Blork the orc
  4233 | D:4      | Reached skill level 7 in Unarmed Combat
  4445 | D:4      | Found a sparkling altar of Nemelex Xobeh.
  4770 | D:5      | Entered Level 5 of the Dungeon
  4770 | D:5      | Found Luacwuim's Magic Scroll Shop.
  5168 | D:5      | Reached XP level 8. HP: 46/60 MP: 16/16
  5379 | D:5      | Found a staircase to the Ecumenical Temple.
  5480 | Temple   | Entered the Ecumenical Temple
  5645 | Temple   | Became a worshipper of Sif Muna the Loreminder
  6417 | D:6      | Found an iron altar of Okawaru.
  6440 | D:6      | Reached XP level 9. HP: 51/66 MP: 18/18
  6506 | D:6      | Reached skill level 5 in Transmutations
  7101 | D:7      | Found a burning altar of Makhleb.
  7103 | D:7      | Found a hide-covered altar of Uskayaw.
  7129 | D:7      | Noticed Joseph
  7467 | D:7      | Killed Joseph
  7467 | D:7      | Reached skill level 5 in Fighting
  7550 | D:7      | Reached * piety under Sif Muna
  7550 | D:7      | Reached skill level 8 in Unarmed Combat
  7557 | D:7      | Noticed Prince Ribbit
  7582 | D:7      | Killed Prince Ribbit
  7582 | D:7      | Reached skill level 5 in Invocations
  7815 | D:7      | Reached XP level 10. HP: 71/74 MP: 17/20
  7973 | D:8      | Noticed a two-headed ogre
  7994 | D:8      | Killed a two-headed ogre
  7994 | D:8      | Reached skill level 5 in Short Blades
  7994 | D:8      | Reached skill level 5 in Long Blades
  7994 | D:8      | Reached skill level 5 in Axes
  7994 | D:8      | Reached skill level 5 in Maces & Flails
  7994 | D:8      | Reached skill level 5 in Polearms
  7994 | D:8      | Reached skill level 5 in Staves
  7994 | D:8      | Reached skill level 5 in Slings
  7994 | D:8      | Reached skill level 5 in Bows
  7994 | D:8      | Reached skill level 5 in Crossbows
  7994 | D:8      | Reached skill level 5 in Throwing
  7994 | D:8      | Reached skill level 5 in Armour
  7994 | D:8      | Reached skill level 5 in Stealth
  7994 | D:8      | Reached skill level 5 in Shields
  7994 | D:8      | Reached skill level 5 in Evocations
  8047 | D:8      | Found a flagged portal.
  8054 | Bailey   | Entered a bailey
  8283 | Bailey   | Noticed an orc knight
  8366 | Bailey   | Noticed an orc knight
  8473 | Bailey   | Learned a level 5 spell: Yara's Violent Unravelling
  8487 | Bailey   | Slain by an orc knight

Vault maps used:
D:1:      dpeg_arrival_court, st_stairs_10, minmay_three_crescents
D:2:      hangedman_decor_diamond_cutter, small_statue_intersection,
          minmay_misc_feat_x
D:3:      first_ration, solitary_fountain, uniq_crazy_yiuf_cottage
D:4:      cheibrodos_quashed, gup_sewer_entry_spiral, nemelex_dance_club_becter,
          uniq_blork_the_orc
D:5:      minmay_temple_entry_trees, serial_shops, shop,
          minmay_a_box_with_orc_wizards_in_it
D:6:      okawaru_metal_pillars_1_2
D:7:      chequers_temple_overflow_statue_of_worship, the_bakery,
          grunt_ministairs_9, hangedman_decor_lopped, uniq_prince_ribbit1,
          uniq_joseph
D:8:      erik_lair_dragon, enter_bailey_3, serial_glass, glass_columns_a,
          glass_columns_a, feat_on_display, due_unseen_surprise,
          feat_on_display, kennysheep_pointless_box, eino_tiny_chamber
Temple:   regret_index_temple_chain_breaker
Sewer:    sewer_fruit_machine
Bailey:   bailey_polearm_1, bailey

Skill      XL: |  1  2  3  4  5  6  7  8  9 10 |
---------------+-------------------------------+-----
Spellcasting   | 5 6 7 |  7.2
Invocations    | 1 2 3 4 5 |  5.6
Short Blades   | 1 2 3 4 5 |  5.1
Long Blades    | 1 2 3 4 5 |  5.1
Axes           | 1 2 3 4 5 |  5.1
Maces & Flails | 1 2 3 4 5 |  5.1
Polearms       | 1 2 3 4 5 |  5.1
Staves         | 1 2 3 4 5 |  5.1
Slings         | 1 2 3 4 5 |  5.1
Bows           | 1 2 3 4 5 |  5.1
Crossbows      | 1 2 3 4 5 |  5.1
Throwing       | 1 2 3 4 5 |  5.1
Armour         | 1 2 3 4 5 |  5.1
Stealth        | 1 2 3 4 5 |  5.1
Shields        | 1 2 3 4 5 |  5.1
Evocations     | 1 2 3 4 5 |  5.1
Conjurations   | 1 2 3 4 |  4.2
Hexes          | 1 2 3 4 |  4.2
Charms         | 1 2 3 4 |  4.2
Summonings     | 1 2 3 4 |  4.2
Necromancy     | 1 2 3 4 |  4.2
Translocations | 1 2 3 4 |  4.2
Fire Magic     | 1 2 3 4 |  4.2
Ice Magic      | 1 2 3 4 |  4.2
Air Magic      | 1 2 3 4 |  4.2
Earth Magic    | 1 2 3 4 |  4.2
Poison Magic   | 1 2 3 4 |  4.2
Fighting       | 3 4 5 |  5.8
Transmutations | 4 5 |  5.8
Dodging        | 5 6 7 |  7.0
Unarmed Combat | 7 8 |  8.4

Action                   |  1- 3 |  4- 6 |  7- 9 | 10-12 || total
-------------------------+-------+-------+-------+-------++-------
Melee: Unarmed           |    91 |   166 |   367 |    81 ||   705
       Headbutt          |     6 |     7 |     9 |       ||    22
       Punch             |     3 |     3 |    10 |       ||    16
       Kick              |     2 |     7 |    10 |       ||    19
       Bite              |     7 |    10 |    14 |       ||    31
 Cast: Beastly Appendage |    18 |    26 |    17 |       ||    61
       Spider Form       |       |     3 |    25 |     4 ||    32
       Ice Form          |       |       |       |     3 ||     3
       Yara's Violent Un |       |       |       |     1 ||     1
  Use: Scroll            |       |     7 |     9 |       ||    16
       Potion            |       |       |     1 |       ||     1
 Stab: Sleeping          |     2 |     5 |     6 |     1 ||    14
  Eat: Chunk             |       |     8 |    13 |     2 ||    23
       Ration            |       |       |     1 |       ||     1
Armor: Robe              |    12 |    37 |    22 |     1 ||    72
       Skin              |       |     4 |    10 |     1 ||    15
Dodge: Dodged            |    53 |   213 |   301 |   111 ||   678

Table legend:
 A = Spawn XP
 B = Non-spawn XP
 C = Spawn XP percentage of total XP
 D = Spawn monster count
 E = Non-spawn monster count
 F = Spawn count percentage of total count
 G = Total turns spent on level
                    A         B        C        D         E        F      G
               +---------+---------+-------+---------+---------+-------+---------
         Total |       0 |    6507 |   0.0 |       0 |     214 |   0.0 |  8487
               +---------+---------+-------+---------+---------+-------+---------
           D:1 |       0 |      67 |   0.0 |       0 |      38 |   0.0 |   930
           D:2 |       0 |      59 |   0.0 |       0 |      19 |   0.0 |   767
           D:3 |       0 |     113 |   0.0 |       0 |      25 |   0.0 |  1005
           D:4 |       0 |     214 |   0.0 |       0 |      17 |   0.0 |  1076
           D:5 |       0 |     552 |   0.0 |       0 |      10 |   0.0 |   816
           D:6 |       0 |    1080 |   0.0 |       0 |      20 |   0.0 |  1019
           D:7 |       0 |    2468 |   0.0 |       0 |      34 |   0.0 |  1186
           D:8 |       0 |    1498 |   0.0 |       0 |      15 |   0.0 |    91
         Sewer |       0 |     426 |   0.0 |       0 |      26 |   0.0 |   992
        Bailey |       0 |      30 |   0.0 |       0 |      10 |   0.0 |   433
               +---------+---------+-------+---------+---------+-------+---------
